 Dungeon Crawl Stone Soup version 0.18.1-8-gdd0e5ea (webtiles) character file.

267 zeroDi the Cutter (level 6, -2/30 HPs)
             Began as a Vine Stalker Assassin on May 21, 2016.
             Slain by Duvessa
             ... wielding a +0 short sword
              (3 damage)
             ... on level 4 of the Dungeon.
             The game lasted 00:08:36 (3206 turns).

zeroDi the Cutter (Vine Stalker Assassin)           Turns: 3206, Time: 00:08:37

Health: -2/30      AC:  6    Str: 13    XL:     6   Next: 21%
Magic:  0/7        EV: 11    Int: 11    God:
Gold:   166        SH:  0    Dex: 18    Spells: 0 memorised, 5 levels left

rFire  . . .     SeeInvis .     a - +2 dagger
rCold  . . .     Gourm    .     c - +0 robe
rNeg   . . .     Faith    .     (no shield)
rPois  .         Spirit   +     h - +0 helmet
rElec  .         Dismiss  .     d - +0 cloak
rCorr  .         Reflect  .     (no gloves)
SustAt .         Harm     .     n - +1 pair of boots
MR     .....                    (no amulet)
Stlth  +++.......               (no ring)
                                (no ring)

@: not resistant to hostile enchantments, fairly stealthy
A: fangs 2, regeneration 2, magic shield, antimagic bite, no device heal 3, rot
immunity
a: no special abilities


You were on level 4 of the Dungeon.
You were not hungry.

You visited 1 branch of the dungeon, and saw 4 of its levels.

You collected 166 gold pieces.


Innate Abilities, Weirdness & Mutations

You have extremely sharp teeth.
You heal very quickly.
When hurt, damage is shared between your health and your magic reserves.
Your bite disrupts and absorbs the magic of your enemies.
Potions and wands cannot restore your health.
You are immune to rotting.


   Skills:
 - Level 1.7 Fighting
 + Level 5.8 Short Blades
 - Level 1.7 Throwing
 - Level 0.7 Dodging
 - Level 4.8 Stealth


You had 5 spell levels left.
You didn't know any spells.

Inventory:

Hand Weapons
 a - a +2 dagger (weapon)
 b - a +1 blowgun
Missiles
 e - 8 poisoned needles
 f - 2 curare-tipped needles {=f}
Armour
 c - a +0 robe (worn)
 d - a +0 cloak (worn)
 h - a +0 helmet (worn)
 n - a +1 pair of boots (worn)
Jewellery
 t - a cursed ring of loudness
 u - an uncursed ring of flight {unknown}
Scrolls
 j - a scroll of identify {@r1}
 k - 4 scrolls of recharging
 l - a scroll of amnesia {unknown}
 q - 4 scrolls of enchant weapon
Potions
 m - 2 potions of curing {unknown}
 o - a potion of resistance {unknown}
 z - a potion of lignification {unknown}
Comestibles
 g - 4 bread rations
 i - 3 meat rations
 r - a beef jerky
 v - 4 chunks of flesh

Dungeon Overview and Level Annotations

Branches:
Dungeon (4/15)
 Temple: D:4-7

Altars:
Fedhas
Makhleb
Pakellas
Ru
Sif Muna
Yredelemnul

Annotations:
D:4 Dowan, Duvessa

#..........[.###........
#.....<....o............
*.........<##...........
**#........#####..##....
#.......##....)....###
#......###...........[
#....e.# #..>......###
#....eo# #######......
#....@.# #.....#
#......## ###.....>
#.......## #.....#..
#........## #.....#..
#.........# #...)....
######....## #....(...
##.#..###....)###
#.#...##...††#
#.##..##.....##


You could see Duvessa, Dowan, an orc wizard and an orc.


Message History

Duvessa hits you with a short sword.
* * * LOW HITPOINT WARNING * * *
You see here a cloak.
Dowan casts a spell.
Dowan blinks!
Duvessa hits you with a short sword.
* * * LOW HITPOINT WARNING * * *
There is a stone staircase leading up here.
Duvessa barely misses you.
Dowan gestures wildly while chanting.
Dowan blinks!
Duvessa completely misses you.
The orc wizard casts a spell.
The orc wizard blinks!
Dowan mumbles some strange words.
Dowan blinks!
The orc wizard hits you with a dagger.
* * * LOW HITPOINT WARNING * * *
The orc wizard hits you with a dagger.
* * * LOW HITPOINT WARNING * * *
Duvessa hits you with a short sword.
You die...

Action                   |  1- 3 |  4- 6 || total
-------------------------+-------+-------++-------
Melee: Dagger            |    67 |   177 ||   244
       Bite              |    17 |    56 ||    73
 Fire: Blowgun           |       |    13 ||    13
  Use: Scroll            |       |    10 ||    10
 Stab: Sleeping          |    10 |    17 ||    27
  Eat: Chunk             |       |     7 ||     7
Armor: Robe              |    16 |    43 ||    59
Dodge: Dodged            |    24 |    65 ||    89

Vault maps used:
D:1:      roderic_dead_forest
D:2:      grunt_pakellas_mercury, old_standard_altar
D:3:      nicolae_ru_sacrificial_ziggurat, yredelemnul_forgotten_temple_becter,
          gammafunk_temple_overflow_wave, first_bread, uniq_robin
D:4:      uniq_duvessa

Notes
Turn   | Place    | Note
--------------------------------------------------------------
     0 | D:1      | zeroDi the Vine Stalker Assassin began the quest for the Orb.
     0 | D:1      | Reached XP level 1. HP: 11/11 MP: 2/2
   149 | D:1      | Reached skill level 2 in Short Blades
   153 | D:1      | Reached XP level 2. HP: 13/15 MP: 3/3
   493 | D:1      | Reached skill level 3 in Short Blades
   655 | D:2      | Reached XP level 3. HP: 18/18 MP: 4/4
   894 | D:2      | Found an oddly glowing altar of Pakellas.
   995 | D:2      | Reached XP level 4. HP: 18/23 MP: 5/5
  1009 | D:2      | Found a deep blue altar of Sif Muna.
  1336 | D:2      | Reached skill level 4 in Short Blades
  1580 | D:3      | Noticed Robin
  1743 | D:2      | Killed Robin
  2075 | D:3      | Found a sacrificial altar of Ru.
  2091 | D:3      | Reached XP level 5. HP: 14/26 MP: 3/6
  2211 | D:3      | Found a burning altar of Makhleb.
  2211 | D:3      | Found a blossoming altar of Fedhas.
  2301 | D:3      | Found a basalt altar of Yredelemnul.
  2628 | D:3      | Reached skill level 5 in Short Blades
  2954 | D:4      | Gained mutation: You heal very quickly. [Vine Stalker growth]
  2954 | D:4      | Reached XP level 6. HP: 28/30 MP: 7/7
  3020 | D:4      | Noticed Dowan
  3169 | D:4      | Noticed Duvessa
  3206 | D:4      | HP: 1/30 [orc wizard/dagger (5)]
  3206 | D:4      | Slain by Duvessa

Vanquished Creatures
  An orc priest (D:3)
  2 orc wizards
  Robin (D:2)
  3 adders (D:2)
  3 gnolls (D:4)
  2 oozes
  3 worms
  A dart slug (D:1)
  3 giant geckos
  13 orcs
  5 bats
  6 giant cockroaches
  5 hobgoblins
  4 jackals (D:4)
  2 quokkas (D:3)
  A ball python (D:2)
  6 giant newts
  12 goblins
  7 kobolds
  11 rats
  A spectral orc (D:3)
92 creatures vanquished.
